 Dungeon Crawl Stone Soup version 0.25-a0-670-g50981ef (webtiles) character file.

Game seed: 3567793285752167585, levelgen mode: deterministic

1740 rageheart7 the Fighter (level 8, -6/73 HPs)
             Began as a Demonspawn Wanderer on Mar 29, 2020.
             Was an Initiate of Ashenzari.
             Mangled by an orc warrior
             ... wielding a +0 morningstar
              (8 damage)
             ... on level 7 of the Dungeon.
             The game lasted 00:18:28 (8004 turns).

rageheart7 the Fighter (Demonspawn Wanderer)        Turns: 8004, Time: 00:18:30

Health: -6/73      AC: 14    Str: 16    XL:     8   Next: 77%
Magic:  2/2        EV:  6    Int: 13    God:    Ashenzari [......]
Gold:   244        SH:  0    Dex: 12    Spells: 7/7 levels left

rFire    + . .     SeeInvis .   n - +2 trident (antimagic) (curse)
rCold    . . .     Gourm    .   (no shield)
rNeg     . . .     Faith    +   w - +1 chain mail of the Midnight Sun {rElec rF+} (curse)
rPois    .         Spirit   .   (helmet restricted)
rElec    +         Reflect  .   (no cloak)
rCorr    .         Harm     .   (no gloves)
MR       .....                  u - +1 pair of boots
Stlth    ..........             i - amulet of faith
HPRegen  0.22/turn              (no ring)
MPRegen  0.08/turn              (no ring)

@: no status effects
A: horns 2, yellow scales 1, demonic guardian 1, nightstalker 2
a: Curse Item, Renounce Religion


You were on level 7 of the Dungeon.
You worshipped Ashenzari.
Ashenzari was noncommittal.
You were hungry.

You visited 2 branches of the dungeon, and saw 8 of its levels.

You collected 244 gold pieces.

Inventory:

Hand Weapons
 g - a +2 whip of venom
 n - a cursed +2 antimagic trident (weapon)
Missiles
 c - 105 arrows
Armour
 u - a +1 pair of boots (worn)
 w - the cursed +1 chain mail of the Midnight Sun (worn) {rElec rF+}
   (You found it on level 5 of the Dungeon)

   It protects you from fire.
   It insulates you from electricity.
   It has a curse placed upon it.
Jewellery
 h - a +4 amulet of reflection
 i - an amulet of faith (around neck)
Scrolls
 e - 3 scrolls of teleportation
 k - a scroll of blinking
 l - 2 scrolls of fog
 s - 2 scrolls of identify
Potions
 b - 2 potions of haste {unknown}
 d - 3 potions of curing
 j - 3 potions of brilliance
 m - 2 potions of might {unknown}
 o - a potion of stabbing {unknown}
 p - 3 potions of degeneration {unknown}
 q - 2 potions of heal wounds
 r - a potion of mutation {unknown}
 t - 2 potions of magic {unknown}
 v - a potion of resistance {unknown}
 z - a potion of ambrosia {unknown}
Comestibles
 a - a chunk of flesh
 f - 13 rations


   Skills:
 * Level 10.4 Fighting
   Level 2.7 Long Blades
   Level 1.0(2.3) Axes
 * Level 3.4(3.5) Maces & Flails
 - Level 2.6 Armour
   Level 1.7 Shields


You had 7 spell levels left.
You didn't know any spells.
Your spell library contained the following spells:

 Spells                   Type           Power        Failure   Level  Hunger
 Magic Dart               Conj           #...         99%         1    ##.....
 Searing Ray              Conj           #.....       100%        2    ###....
 Confusing Touch          Hex            #.......     100%        3    ####...
 Dazzling Flash           Conj/Hex       #.....       100%        3    ####...
 Gell's Gravitas          Tloc           #.........   100%        3    ####...
 Fulminant Prism          Conj/Hex       #.........   100%        4    #####..
 Iskenderun's Mystic Bla  Conj/Tloc      #.......     100%        4    #####..
 Petrify                  Tmut/Erth      #.......     100%        4    #####..
 Metabolic Englaciation   Hex/Ice        #.........   100%        5    ######.
 Yara's Violent Unravell  Hex/Tmut       #.........   100%        5    ######.


Dungeon Overview and Level Annotations

Branches:
Dungeon (7/15)             Temple (1/1) D:6

Altars:
Ashenzari
Cheibriados
Dithmenos
Elyvilon
Fedhas
Gozag
Hepliaklqana
Makhleb
Nemelex Xobeh
Okawaru
Qazlal
Ru
Sif Muna
Trog
Uskayaw
Vehumet
Wu Jian
Xom
Yredelemnul
Zin
The Shining One

Shops:
D:4 [


Innate Abilities, Weirdness & Mutations

You have a pair of horns on your head.
You are partially covered in yellow scales. (AC +2)
A weak demonic guardian rushes to your aid.
You are significantly more attuned to the shadows.


Message History

The orc warrior closely misses you.
You hit the orc warrior but do no damage.
The orc warrior is heavily wounded.
Your ufetubus hits the orc warrior but does no damage. x2
The orc warrior hits you with a +0 morningstar!
* * * LOW HITPOINT WARNING * * *
You hit the orc warrior but do no damage.
You headbutt the orc warrior, but do no damage.
The orc warrior is heavily wounded.
Your ufetubus closely misses the orc warrior. x2
Your ufetubus barely misses the orc warrior. x2
The orc warrior barely misses you.
You barely miss the orc warrior. You headbutt the orc warrior.
The orc warrior is heavily wounded.
Your ufetubus barely misses the orc warrior.
Your ufetubus misses the orc warrior.
Your ufetubus closely misses the orc warrior.
Your ufetubus hits the orc warrior but does no damage.
The orc warrior hits you with a +0 morningstar!
You die...

....?...# ......^.
##### .....o. .....
#.oo... ... #######
#.# #$# #....##
##+#'######.#.#
#....##
#...........#.#
+....'.
#...........#5#
#....##
#...........#@#
#......
#...........#o#
#......
#...........#5#
#......
#..........##.#
#...#..
#..........##'#####
...###.
#..[...............
#..###.
#..................
##..#..
#..................
..##.....
#.........<........
.........


You could see an orc warrior, a friendly shadow imp and a friendly ufetubus.

Vanquished Creatures
  Eustachio (D:5)
  Duvessa (D:6)
  2 orc warriors
  2 phantoms
  A bullfrog (D:7)
  Dowan (D:6)
  A scorpion (D:7)
  2 crimson imps
  A centaur zombie (D:7)
  A bullfrog zombie (D:7)
  An orc priest (D:7)
  2 hounds (D:4)
  7 worker ants
  An orc wizard (D:4)
  A worker ant zombie (D:6)
  3 adders
  8 gnolls
  2 adder zombies
  An ooze (D:2)
  2 adder skeletons (D:5)
  4 worms
  A dart slug (D:2)
  2 leopard geckos
  14 orcs
  2 ball pythons (D:1)
  7 bats
  6 giant cockroaches
  6 goblins
  5 hobgoblins
  5 jackals
  10 kobolds
  2 quokkas
  7 frilled lizards
  A leopard gecko skeleton (D:4)
  A quokka skeleton (D:7)
  6 rats
120 creatures vanquished.

Vanquished Creatures (collateral kills)
  A hornet (D:7)
  2 eyes of draining (D:5)
  An ogre (D:6)
  A scorpion (D:3)
  A crimson imp (D:5)
  A hound (D:5)
  An orc wizard (D:6)
8 creatures vanquished.

Grand Total: 128 creatures vanquished

Notes
Turn   | Place    | Note
-------+----------+-------------------------------------------
     0 | D:1      | rageheart7 the Demonspawn Wanderer began the quest for the
                  | Orb.
     0 | D:1      | rageheart7 set off with the following items: a +2 falchion,
                  | a +0 shortbow, 28 arrows, a potion of curing, a +0 robe, a
                  | ration
     0 | D:1      | Reached XP level 1. HP: 16/16 MP: 1/1
     2 | D:1      | Noticed a tengu
     4 | D:1      | Noticed a demigod
     6 | D:1      | Noticed a ghoul
     6 | D:1      | Noticed a minotaur
     8 | D:1      | Noticed a felid
     8 | D:1      | Noticed a draconian
    10 | D:1      | Noticed an ogre
    10 | D:1      | Noticed a spriggan
    12 | D:1      | Noticed a troll
    12 | D:1      | Noticed a merfolk
    14 | D:1      | Noticed a naga
    16 | D:1      | Noticed a vampire
    16 | D:1      | Noticed an elf
    18 | D:1      | Noticed a demonspawn
    18 | D:1      | Noticed a halfling
    20 | D:1      | Noticed a formicid
    20 | D:1      | Noticed a dwarf
    22 | D:1      | Noticed an octopode
    22 | D:1      | Noticed a human
    24 | D:1      | Noticed a centaur
    24 | D:1      | Noticed a gargoyle
    27 | D:1      | Noticed a vine stalker
    65 | D:1      | Gained mutation: You have a pair of small horns on your
                  | head. [demonic ancestry]
    65 | D:1      | Reached XP level 2. HP: 10/23 MP: 2/2
  1143 | D:2      | Gained mutation: You are partially covered in yellow
                  | scales. (AC +2) [demonic ancestry]
  1143 | D:2      | Reached XP level 3. HP: 28/28 MP: 3/3
  1242 | D:2      | Reached skill level 3 in Fighting
  2007 | D:3      | Gained mutation: A weak demonic guardian rushes to your
                  | aid. [demonic ancestry]
  2007 | D:3      | Reached XP level 4. HP: 37/37 MP: 4/4
  2421 | D:3      | Reached skill level 4 in Fighting
  2584 | D:3      | Gained mutation: You are slightly more attuned to the
                  | shadows. [demonic ancestry]
  2584 | D:3      | Reached XP level 5. HP: 33/43 MP: 5/5
  3044 | D:4      | Found a blossoming altar of Fedhas.
  3047 | D:4      | You fall into a shaft and drop 3 floors!
  3260 | D:5      | Entered Level 5 of the Dungeon
  3269 | D:6      | Reached skill level 5 in Fighting
  3336 | D:5      | Noticed Eustachio
  3506 | D:6      | Noticed an orc warrior
  3531 | D:5      | Found a bloodstained altar of Trog.
  3531 | D:5      | Noticed an eye of draining
  3555 | D:5      | Noticed an eye of draining
  3557 | D:5      | Killed an eye of draining
  3557 | D:5      | Reached skill level 6 in Fighting
  3557 | D:5      | Gained mutation: You have a pair of horns on your head.
                  | [demonic ancestry]
  3557 | D:5      | Reached XP level 6. HP: 41/52 MP: 1/6
  3947 | D:5      | Reached skill level 1 in Maces & Flails
  4041 | D:5      | Reached skill level 7 in Fighting
  4105 | D:5      | Reached XP level 7. HP: 52/60 MP: 2/7
  4123 | D:5      | Found a glowing silver altar of Zin.
  4140 | D:5      | Killed Eustachio
  4226 | D:5      | Got an ichor-stained chain mail
  4238 | D:5      | Identified the +1 chain mail of the Midnight Sun {rElec
                  | rF+} (You found it on level 5 of the Dungeon)
  4571 | D:4      | Found Wufufox's Armour Shop.
  4852 | D:4      | Reached skill level 8 in Fighting
  5835 | D:6      | Found a staircase to the Ecumenical Temple.
  6016 | D:6      | Noticed Dowan
  6028 | D:6      | Noticed Duvessa
  6033 | D:6      | Killed Dowan
  6062 | D:6      | Killed Duvessa
  6062 | D:6      | Gained mutation: You are significantly more attuned to the
                  | shadows. [demonic ancestry]
  6062 | D:6      | Reached XP level 8. HP: 56/70 MP: 2/8
  6154 | D:6      | Reached skill level 9 in Fighting
  7011 | D:7      | Noticed a hornet
  7032 | D:7      | Killed a hornet
  7116 | D:7      | Found a shadowy altar of Dithmenos.
  7184 | Temple   | Entered the Ecumenical Temple
  7337 | Temple   | Became a worshipper of Ashenzari the Shackled
  7563 | D:7      | Reached skill level 10 in Fighting
  8002 | D:7      | HP: 1/73 [orc warrior/+0 morningstar (17)]
  8004 | D:7      | Mangled by an orc warrior

Levels and vault maps discovered:
D:1:      kb_arrival_jail, layout_basic, serial_forest, infiniplex_forest_end_3,
          infiniplex_forest_lined_2, infiniplex_forest_end_1,
          infiniplex_forest_lined_3_way, infiniplex_forest_pool,
          infiniplex_forest_end_1
D:2:      layout_loops_ring
D:3:      layout_loops_cross, minmay_statues_item,
          chequers_serial_rivers_small_3
D:4:      layout_layer_cave, serial_shops, nicolae_shop_statue_plus,
          fedhas_altar_1
D:5:      layout_basic, basic_altar, first_ration,
          cheibrodos_sewer_entry_sluice, trog_eyes_of_draining, uniq_eustachio
D:6:      layout_basic, minmay_temple_entry_slanted, kennysheep_small_circle,
          uniq_duvessa
D:7:      layout_basic, enter_ossuary_2, nicolae_dithmenos_shadow_blocks
Temple:   regret_index_temple_sigil_plot

Skill      XL: |  1  2  3  4  5  6  7  8 |
---------------+-------------------------+-----
Long Blades    | 2 |  2.7
Fighting       | 3 4 6 7 8 10 | 10.4
Maces & Flails | 1 2 3 |  3.4
Axes           | |  1.0
Armour         | |  2.6
Shields        | |  1.7

Action                   |  1- 3 |  4- 6 |  7- 9 || total
-------------------------+-------+-------+-------++-------
Melee: Falchion          |    42 |       |       ||    42
       Headbutt          |     8 |    23 |    42 ||    73
       Whip              |    47 |    91 |       ||   138
       Trident           |       |    40 |   239 ||   279
Invok: Curse Item        |       |       |     2 ||     2
  Use: Scroll            |     7 |     5 |     6 ||    18
       Potion            |       |     1 |     5 ||     6
 Stab: Distracted        |       |     2 |     2 ||     4
  Eat: Chunk             |     3 |     7 |     9 ||    19
       Ration            |       |       |     1 ||     1
Armor: Robe              |     4 |       |       ||     4
       Leather armour    |    16 |    34 |    36 ||    86
       Chain mail        |       |       |   111 ||   111
Dodge: Dodged            |    56 |    60 |   101 ||   217
Block: Other             |       |    17 |    28 ||    45
       Rpst.: Falchion   |    10 |       |       ||    10

Table legend:
 A = Non-vault XP
 B = Vault XP
 C = Vault XP percentage of total XP
 D = Non-vault monster count
 E = Vault monster count
 F = Vault count percentage of total count
                 A         B        C        D         E       F
            +---------+---------+-------+---------+---------+-------
      Total |    1967 |     520 |  20.9 |     118 |      10 |   7.8
            +---------+---------+-------+---------+---------+-------
        D:1 |      37 |       0 |   0.0 |      24 |       0 |   0.0
        D:2 |      49 |       0 |   0.0 |      19 |       0 |   0.0
        D:3 |     122 |       0 |   0.0 |      18 |       0 |   0.0
        D:4 |     173 |       0 |   0.0 |      13 |       0 |   0.0
        D:5 |     388 |     351 |  47.5 |      15 |       7 |  31.8
        D:6 |     496 |     169 |  25.4 |      16 |       3 |  15.8
        D:7 |     702 |       0 |   0.0 |      13 |       0 |   0.0
            +---------+---------+-------+---------+---------+-------
